 Dungeon Crawl Stone Soup version 0.31-a0-1321-g5021b54cb2 (webtiles) character file.

Game seed: 15765484469237217611

111 Sonofthefire the Changeling (level 4, 0/27 (28) HPs)
             Began as an Octopode Shapeshifter on Dec 21, 2023.
             Splashed by a jelly's acid (7 damage)
             ... on level 3 of the Dungeon.
             The game lasted 00:04:27 (2556 turns).

Sonofthefire the Changeling (Octopode Shapeshifter) Turns: 2556, Time: 00:04:28

HP:   0/27 (28)     AC: -3    Str: 18    XL:     4   Next: 92%
MP:   1/1           EV: 13    Int: 12    God:
Gold: 116           SH:  0    Dex: 11    Spells: 3/3 levels left

rFire   + . .        q - +0 whip "Fotseor" {antimagic, rF+ Str+3}
rCold   . . .        (no shield)
rNeg    . . .        (helmet currently unavailable)
rPois   .            (no amulet)
rElec   .            (no ring)
rCorr   .            (no ring)
SInv    .            (no ring)
Will    .....        (no ring)
Stlth   ++           (no ring)
HPRegen 0.24/turn    (no ring)
MPRegen 0.07/turn    (no ring)
                     (no ring)

%: no passive effects
@: beast-form, corroded, lightly drained
A: beast (slay +2), almost no armour, amphibious, 8 rings, camouflage 1,
gelatinous body 1, (nimble swimmer 1), tentacles
a: Begin Untransformation


You were on level 3 of the Dungeon.
You were a hulking beast.
You visited 1 branch of the dungeon, and saw 3 of its levels.

You collected 116 gold pieces.

Inventory:

Hand Weapons
 q - the +0 whip "Fotseor" (weapon) {antimagic, rF+ Str+3}
   (You found it on level 2 of the Dungeon)

   Str+3:     It affects your strength (+3).
   rF+:       It protects you from fire.
Talismans
 b - a beast talisman
 c - a flux talisman
 j - a blade talisman
Wands
 k - a wand of roots (3)
Scrolls
 d - 4 scrolls of identify {unknown}
 e - a scroll of poison {unknown}
 l - a scroll of silence {unknown}
 m - 3 scrolls of vulnerability {unknown}
 p - a scroll of immolation {unknown}
 r - a scroll of fear {unknown}
 s - a scroll of blinking {unknown}
 t - a scroll of noise {unknown}
Potions
 a - a potion of lignification
 f - a potion of curing {unknown}
 g - 3 potions of haste {unknown}
 h - a potion of mutation {unknown}
 i - a potion of might {unknown}
 n - a potion of enlightenment {unknown}
 o - a potion of heal wounds {unknown}


   Skills:
 - Level 1.0 Fighting
 - Level 2.0 Dodging
 - Level 3.0 Unarmed Combat
 + Level 5.1 Shapeshifting


You had 3 spell levels left.
You didn't know any spells.
Your spell library contained the following spells:

 Spells                   Type           Power      Damage    Failure   Level
 Cigotuvi's Dreadful Rot  Necr/Alch/Air  0%         N/A       45%         2
 Ignite Poison            Fire/Alch      0%         N/A       97%         4
 Freezing Cloud           Conj/Ice/Air   0%         6-21      100%        5


Dungeon Overview and Level Annotations

Branches:
Dungeon (3/15)

Altars:
Ashenzari
Makhleb
Okawaru
Ru
Uskayaw


Innate Abilities, Weirdness & Mutations

You are a hulking beast.
Your limbs bulge with bestial killing power. (Slay +2)
You cannot wear most types of armour.
You are amphibious.
You can wear up to eight rings at the same time.
Your skin changes colour to match your surroundings (Stealth+).
Your rubbery body absorbs attacks. (AC +1, EV +1)
((You are camouflaged when in or above water. (Stealth+)))
You have tentacles for arms and can constrict up to eight enemies at once.


Message History

A kobold comes into view. It is wielding a +0 club.
The kobold shouts!
A kobold is nearby!
A kobold is nearby!
You whack the kobold!
You kill the kobold!
No target in view!
No target in view!
No target in view!
No target in view!
No target in view!
No target in view!
No target in view!
No target in view!
No target in view!
No target in view!
No target in view!
No target in view!
Things that are here:
a +0 club; a kobold corpse As you open the door, it creaks loudly!
An endoplasm comes into view.
The endoplasm quivers.
Found a goblin skeleton and a rat skeleton.
An endoplasm is nearby!
An endoplasm is nearby! 2 jellies and 6 endoplasms come into view.
Found four items.
Found five altars.
The jelly hits you. The acid corrodes you!
You are splashed with acid!
There is an open door here.
Something hits the toadstool.
You completely miss the jelly. You squeeze the jelly!
The jelly is heavily wounded.
The jelly hits you.
You are splashed with acid.
You completely miss the jelly.
The jelly is heavily wounded.
The jelly hits you.
* * * LOW HITPOINT WARNING * * *
You are splashed with acid!
You die...

).......## ########## ##...####
..[..#### !..÷._.P÷#####..#.....
.....# ÷..÷.....##....###.###
.....# ..._._JP.##.##..#..#
#.#### ..._J..÷.##.###...####
#.####### ..J..PJP.##.# ##.....†
#........ ..J_JJ.PJ##.# ##.####
#.######## #######J# #.# #.#
.........###..).hJ## #.# #.#
..######.##.######## #.# #.####
..####...###..'....# ### #.##..
....)..#.######....# #.##<#
..#######.##......[#########.##.#
>.........##.......##........##.#
...#......##.......############.#
...#.#######.......# #.# ...#.#
##.....## #.#


You could see a jelly and 2 endoplasms.

Vanquished Creatures
  4 adders (D:2)
  A worm (D:2)
  3 dart slugs
  5 endoplasms
  10 goblins
  3 hobgoblins
  4 jackals (D:1)
  12 kobolds
  A quokka (D:1)
  6 ball pythons
  4 bats
  4 frilled lizards
  8 rats (D:1)
65 creatures vanquished.

Notes
Turn   | Place    | Note
-------+----------+-------------------------------------------
     0 | D:1      | Sonofthefire the Octopode Shapeshifter began the quest for
                  | the Orb.
     0 | D:1      | Reached XP level 1. HP: 13/13 MP: 1/1
   102 | D:1      | Reached XP level 2. HP: 18/18 MP: 2/2
   431 | D:1      | Reached XP level 3. HP: 23/23 MP: 3/3
   454 | D:1      | Reached skill level 4 in Shapeshifting
   620 | D:1      | Found a faded altar of an unknown god.
  1229 | D:2      | Reached XP level 4. HP: 19/28 MP: 4/4
  1519 | D:2      | Identified the +0 whip "Fotseor" {antimagic, rF+ Str+3}
  1688 | D:2      | Reached skill level 5 in Shapeshifting
  2552 | D:3      | Found a burning altar of Makhleb.
  2552 | D:3      | Found a broken altar of Ashenzari.
  2552 | D:3      | Found a broken altar of Ashenzari.
  2552 | D:3      | Found a hide-covered altar of Uskayaw.
  2552 | D:3      | Found an iron altar of Okawaru.
  2552 | D:3      | Found a sacrificial altar of Ru.
  2556 | D:3      | Splashed by a jelly's acid

Illustrated notes

Levels and vault maps discovered:
D:1:      onia_arrival_handbag, layout_basic,
          hellmonk_ecumenical_altar_pennies_from_heaven
D:2:      layout_rooms
D:3:      cheibrodos_fertilizer, layout_loops_ring, minmay_ogre_servants

Skill      XL: |  1  2  3  4 |
---------------+-------------+-----
Shapeshifting  | 4 5 |  5.1
Fighting       | |  1.0
Dodging        | |  2.0
Unarmed Combat | |  3.0

Action                     |  1- 3 |  4- 6 || total
---------------------------+-------+-------++-------
  Melee: Unarmed           |    69 |       ||    69
         Constrict         |    18 |    14 ||    32
         Tentacles         |     8 |     8 ||    16
         Punch             |     1 |     2 ||     3
         Dagger            |     7 |    17 ||    24
         Whip              |       |    28 ||    28
   Stab: Sleeping          |     6 |     1 ||     7
 Armour: Skin              |    29 |    14 ||    43
  Dodge: Dodged            |    39 |    23 ||    62

Table legend: (Time is in decaauts)
 A = Elapsed time spent in this place.
 B = Non-inter-level travel time spent in this place.
 C = Inter-level travel time spent in this place.
 D = Time resting spent in this place.
 E = Time spent auto-exploring this place.
 F = Levels seen in this place.
 G = Mean time per level.
                   A        B        C        D        E       F      G
               +--------+--------+--------+--------+--------+-----+--------+
         Total |   2553 |   2459 |     94 |    473 |   1547 |   3 |  851.0 |
       Dungeon |   2553 |   2459 |     94 |    473 |   1547 |   3 |  851.0 |
               +--------+--------+--------+--------+--------+-----+--------+

Top non-repeatable levels by time:
     D:1: 1197 daAuts
     D:3: 737 daAuts
     D:2: 619 daAuts
